 Dungeon Crawl Stone Soup version 0.21-a0-538-gd16b88a (webtiles) character file.

103 slep the Chopper (level 4, -4/34 HPs)
             Began as a Demonspawn Gladiator on Dec 17, 2017.
             Slain by a gnoll
             ... wielding a +0 flail
              (5 damage)
             ... on level 3 of the Dungeon.
             The game lasted 00:05:03 (1759 turns).

slep the Chopper (Demonspawn Gladiator)             Turns: 1759, Time: 00:05:05

Health: -4/34      AC:  6    Str: 16    XL:     4   Next: 51%
Magic:  4/4        EV: 13    Int:  9    God:
Gold:   98         SH:  0    Dex: 14    Spells: 3/3 levels left

rFire    . . .     SeeInvis .   a - +0 war axe
rCold    . . .     Gourm    .   (no shield)
rNeg     . . .     Faith    .   b - +0 leather armour
rPois    .         Spirit   .   c - +0 helmet
rElec    .         Reflect  .   (no cloak)
rCorr    .         Harm     .   (no gloves)
MR       .....                  (no boots)
Stlth    +.........             o - amulet of inaccuracy (curse)
HPRegen  0.11/turn              (no ring)
MPRegen  0.09/turn              (no ring)

@: no status effects
A: iridescent scales 1
a: no special abilities


You were on level 3 of the Dungeon.
You were not hungry.

You visited 1 branch of the dungeon, and saw 3 of its levels.

You collected 98 gold pieces.

Inventory:

Hand Weapons
 a - a +0 war axe (weapon)
Missiles
 d - 3 throwing nets (quivered)
 l - 42 poisoned needles
Armour
 b - a +0 leather armour (worn)
 c - a +0 helmet (worn)
Jewellery
 o - a cursed amulet of inaccuracy (around neck)
Scrolls
 k - a scroll of immolation {unknown}
 p - a scroll of random uselessness {unknown}
 q - 2 scrolls of teleportation {unknown}
 r - a scroll of remove curse {unknown}
 s - a scroll of blinking {unknown}
 u - a scroll of identify {unknown}
Potions
 e - 2 potions of berserk rage {unknown}
 g - 2 potions of magic {unknown}
 h - a potion of might {unknown}
 m - a potion of haste {unknown}
 n - a potion of invisibility {unknown}
 v - a potion of flight {unknown}
Books
 t - a book of Minor Magic

   Spells                             Type                      Level
   a - Magic Dart                     Conjuration                  1
   b - Blink                          Translocation                2
   c - Call Imp                       Summoning                    2
   d - Slow                           Hexes                        2
   e - Conjure Flame                  Conjuration/Fire             3
   f - Mephitic Cloud                 Conjuration/Poison/Air       3
Comestibles
 f - 6 bread rations
 i - a meat ration
 j - 5 fruits


   Skills:
 + Level 2.4 Fighting
 + Level 4.0 Axes
 + Level 1.7 Throwing
 + Level 0.5 Armour
 + Level 3.2 Dodging
 + Level 0.5 Stealth


You had 3 spell levels left.
You didn't know any spells.

Dungeon Overview and Level Annotations

Branches:
Dungeon (3/15)

Altars:


Innate Abilities, Weirdness & Mutations

You are partially covered in iridescent scales. (AC +2)


Message History

The gnoll barely misses you. The gnoll misses you. The gnoll barely misses you.
You hit the gnoll but do no damage. You barely miss the gnoll.
The gnoll completely misses you. The gnoll hits you with a flail.
* * * LOW HITPOINT WARNING * * *
You closely miss the gnoll. You hit the gnoll. The gnoll barely misses you.
The gnoll closely misses you. x2
You barely miss the gnoll. x2; You hit the gnoll.
The gnoll hits you but does no damage. The gnoll misses you.
The gnoll closely misses you. The gnoll barely misses you.
You barely miss the gnoll. You hit the gnoll. You miss the gnoll.
The gnoll hits you.
* * * LOW HITPOINT WARNING * * *
The gnoll closely misses you. The gnoll hits you but does no damage.
You hit the gnoll.
The gnoll is severely wounded.
You hit the gnoll. You closely miss the gnoll. The gnoll barely misses you.
The gnoll hits you with a spear.
* * * LOW HITPOINT WARNING * * *
The gnoll hits you with a flail.
You die...

########.# #.# #.#
#.# ########.#
.......#.#########
.................#
)#####..########.##
.##.......#####.@.#
.##.#####....<.ggg..#
###.## #.#####...###
##...## #...>..#.##
....#.# #.####.#.#
##...####.###.#..#
##.)<........# #..
##..##.###.##.#!.#
##..##.# .#


You could see 3 gnolls.

Vanquished Creatures
  3 adders (D:2)
  An ooze (D:2)
  A worm (D:3)
  3 dart slugs
  3 giant cockroaches (D:1)
  14 goblins
  9 hobgoblins
  4 jackals
  2 quokkas
  3 bats (D:1)
  5 frilled lizards
  5 kobolds
  9 rats
62 creatures vanquished.

Notes
Turn   | Place    | Note
-------+----------+-------------------------------------------
     0 | D:1      | slep the Demonspawn Gladiator began the quest for the Orb.
     0 | D:1      | Reached XP level 1. HP: 16/16 MP: 1/1
   104 | D:1      | Gained mutation: You are partially covered in iridescent scales. (AC +2) [demonic ancestry]
   104 | D:1      | Reached XP level 2. HP: 18/22 MP: 2/2
   154 | D:1      | Reached skill level 3 in Axes
   256 | D:1      | Reached XP level 3. HP: 27/28 MP: 3/3
   591 | D:2      | Reached XP level 4. HP: 34/34 MP: 4/4
  1180 | D:2      | Reached skill level 4 in Axes
  1759 | D:3      | HP: 1/34 [gnoll/spear (3)]
  1759 | D:3      | Slain by a gnoll

Vault maps used:
D:1:      onia_arrival_larder

Skill      XL: |  1  2  3  4 |
---------------+-------------+-----
Dodging        | 3 |  3.2
Axes           | 3 4 |  4.0
Fighting       | |  2.4
Throwing       | |  1.7
Armour         | |  0.5
Stealth        | |  0.5

Action                   |  1- 3 |  4- 6 || total
-------------------------+-------+-------++-------
Melee: War axe           |    88 |   101 ||   189
 Stab: Sleeping          |     2 |     1 ||     3
  Eat: Chunk             |       |     3 ||     3
Armor: Leather armour    |    32 |    33 ||    65
Dodge: Dodged            |    77 |    84 ||   161

Table legend:
 A = Spawn XP
 B = Non-spawn XP
 C = Spawn XP percentage of total XP
 D = Spawn monster count
 E = Non-spawn monster count
 F = Spawn count percentage of total count
 G = Total turns spent on level
                    A         B        C        D         E        F      G
               +---------+---------+-------+---------+---------+-------+---------
         Total |       0 |     148 |   0.0 |       0 |      62 |   0.0 |  1759
               +---------+---------+-------+---------+---------+-------+---------
           D:1 |       0 |      59 |   0.0 |       0 |      36 |   0.0 |   516
           D:2 |       0 |      69 |   0.0 |       0 |      16 |   0.0 |   768
           D:3 |       0 |      20 |   0.0 |       0 |      10 |   0.0 |   475
               +---------+---------+-------+---------+---------+-------+---------
